Map: Ever Dream LE

Players

KingCobra

  • Race: Protoss Protoss
  • Spawn Location: 7:00

Lambo - Winner!

  • Race: Zerg Zerg
  • League: Master
  • Spawn Location: 1:00

Event: DreamHack SC2 Masters 2020 Fall

VOD

Have the link to the VOD?

Description

Time

  • Played on: Sept. 1, 2020, 12:34 p.m.
  • Length: 12:14

All games in this series

Show
View Real Time Build Order
Export as new Build Order

KingCobra Protoss 

Build Orders: 1 Gate Expand, Oracle Opening, Carriers, Zealot Archon 

Get SALT Encoding   

  12  0:00  Probe  
  13  0:12  Probe  
  14  0:20  Pylon  
  14  0:24  Probe  
  15  0:38  Gateway, Probe (Chrono Boost)  
  16  0:48  Assimilator, Probe (Chrono Boost)  
  17  0:53  Probe (Chrono Boost)  
  18  1:04  Probe (Chrono Boost)  
  18  1:05  Assimilator  
  19  1:13  Probe (Chrono Boost)  
  20  1:18  Probe (Chrono Boost)  
  21  1:26  Cybernetics Core  
  21  1:40  Nexus  
  21  1:44  Probe  
  22  1:50  Pylon  
  22  1:56  Probe (Chrono Boost)  
  23  2:08  Probe (Chrono Boost)  
  23  2:09  Stargate  
  23  2:12  Adept  
  26  2:17  Probe (Chrono Boost)  
  26  2:20  Warp Gate  
  27  2:23  Probe  
  28  2:31  Shield Battery  
  28  2:35  Probe  
  29  2:44  Void Ray (Chrono Boost)  
  29  2:47  Probe  
  30  2:54  Probe  
  35  2:59  Stalker, Probe  
  38  3:06  Probe (Chrono Boost)  
  40  3:13  Pylon  
  40  3:16  Probe (Chrono Boost)  
  40  3:18  Probe (Chrono Boost)  
  41  3:25  Oracle, Probe x2 (Chrono Boost)  
  45  3:32  Gateway  
  46  3:35  Probe  
  46  3:36  Probe  
  48  3:45  Pylon  
  48  3:47  Probe  
  49  3:48  Probe  
  49  3:50  Pylon  
  50  3:57  Assimilator  
  50  3:59  Assimilator, Probe  
  50  4:00  Probe  
  52  4:05  Twilight Council  
  52  4:06  Forge  
  52  4:09  Adept  
  54  4:11  Probe  
  54  4:12  Void Ray  
  54  4:15  Probe  
  56  4:24  Probe  
  61  4:27  Probe  
  61  4:29  Protoss Ground Weapons Level 1 (Chrono Boost)  
  62  4:33  Charge (Chrono Boost)  
  62  4:36  Probe  
  59  4:49  Nexus  
  59  4:52  Pylon  
  59  5:04  Templar Archives  
  59  5:06  Probe x2  
  61  5:13  Gateway  
  61  5:15  Gateway  
  61  5:18  Gateway  
  61  5:19  Gateway  
  61  5:20  Pylon  
  61  5:26  Probe x2  
  63  5:29  Shield Battery  
  63  5:33  Psionic Storm  
  63  5:39  Gateway, Probe x2  
  63  5:40  Gateway  
  63  5:42  Zealot x2  
  69  5:51  Probe x2  
  71  6:03  Probe x2  
  73  6:05  High Templar x2  
  73  6:09  Photon Cannon  
  73  6:10  Gateway  
  77  6:14  Gateway  
  77  6:17  High Templar x2  
  82  6:18  Probe x3  
  82  6:21  Assimilator  
  82  6:25  Assimilator  
  84  6:30  Probe x2  
  86  6:35  High Templar  
  86  6:36  Probe  
  86  6:37  Pylon  
  89  6:42  Gateway, Probe  
  89  6:43  Gateway  
  89  6:45  High Templar  
  89  6:47  Pylon  
  92  6:48  Probe x2  
  94  6:54  Probe  
  94  6:57  High Templar, Pylon  
  94  6:58  Zealot x4  
  105  7:07  Probe x2  
  105  7:08  Probe  
  108  7:10  Gateway  
  108  7:11  Photon Cannon  
  108  7:18  Pylon  
  108  7:20  Zealot x4  
  116  7:23  Pylon  
  116  7:26  Pylon  
  116  7:28  Pylon  
  116  7:33  Protoss Ground Weapons Level 2 (Chrono Boost)  
  116  7:38  Pylon  
  116  7:40  Protoss Air Weapons Level 1 (Chrono Boost)  
  116  7:42  High Templar x3  
  122  7:47  Archon  
  122  7:48  High Templar  
  124  7:53  Archon  
  124  7:54  Zealot x7  
  138  8:09  Fleet Beacon  
  138  8:16  Photon Cannon  
  138  8:18  Photon Cannon  
  136  8:20  Shield Battery  
  136  8:26  Stargate x2  
  136  8:32  Photon Cannon  
  136  8:35  Pylon  
  136  8:44  Nexus  
  136  8:45  Zealot x3  
  136  8:46  Pylon  
  130  8:53  Zealot x5  
  127  9:00  Probe  
  127  9:01  Probe x2  
  116  9:13  Probe  
  115  9:20  Probe  
  115  9:21  Carrier x2 (Chrono Boost)  
  94  9:27  High Templar x2  
  94  9:28  High Templar  
  94  9:29  Probe  
  94  9:30  Probe  
  114  9:33  Probe  
  114  9:34  High Templar, Archon  
  115  9:39  Archon  
  115  9:48  Probe x2  
  115  9:49  Probe  
  115  9:52  Carrier (Chrono Boost)  
  118  9:59  Gateway  
  122  10:19  Carrier (Chrono Boost)  
  126  10:29  Carrier (Chrono Boost)  
  126  10:36  Pylon  
  126  10:43  Shield Battery  
  126  10:45  Probe x2  
  126  10:46  Probe  
  135  10:57  Carrier (Chrono Boost)  
  126  11:16  Zealot x7  
  98  11:32  Zealot x6  
  94  11:43  Zealot x5  
  92  11:55  High Templar  
  92  11:56  High Templar x5  
  92  11:58  Probe x2  
Show
View Real Time Build Order
Export as new Build Order

Lambo Zerg - Winner!

Build Orders: Hatch First 

Get SALT Encoding   

  12  0:00  Drone  
  13  0:12  Overlord  
  13  0:17  Drone  
  14  0:31  Drone x2  
  16  0:48  Hatchery  
  15  0:51  Drone  
  15  0:56  Drone  
  17  0:59  Drone  
  18  1:10  Extractor  
  17  1:13  Spawning Pool  
  17  1:16  Drone  
  17  1:19  Drone  
  18  1:29  Drone  
  19  1:40  Drone  
  20  1:49  Drone  
  21  2:00  Queen x2  
  26  2:01  Overlord, Zergling x2  
  26  2:10  Drone  
  26  2:11  Drone  
  28  2:23  Drone x2  
  30  2:31  Hatchery  
  30  2:33  Drone  
  30  2:37  Pneumatized Carapace  
  30  2:41  Drone  
  30  2:43  Drone  
  32  2:46  Overlord  
  32  2:51  Queen  
  34  2:53  Zergling x2  
  34  2:56  Drone  
  36  3:05  Drone x2  
  38  3:11  Overlord  
  38  3:12  Drone x2  
  40  3:16  Drone  
  40  3:18  Metabolic Boost  
  41  3:22  Overlord  
  41  3:25  Drone  
  41  3:26  Queen  
  44  3:34  Overlord  
  44  3:43  Drone  
  44  3:44  Drone x4  
  44  3:45  Drone  
  44  3:47  Queen  
  52  3:50  Zergling x2  
  52  3:56  Spore Crawler  
  52  3:58  Drone x3, Spore Crawler  
  53  4:03  Spore Crawler  
  53  4:04  Overlord  
  53  4:05  Drone  
  53  4:08  Overlord  
  53  4:10  Drone  
  53  4:14  Overlord  
  53  4:17  Drone x2  
  56  4:21  Zergling x2  
  56  4:22  Overlord  
  56  4:23  Zergling x4  
  59  4:27  Zergling x4  
  59  4:28  Drone  
  59  4:31  Drone x2  
  63  4:35  Overlord  
  63  4:36  Drone  
  64  4:41  Drone x2  
  64  4:43  Lair  
  64  4:45  Drone x2  
  67  4:46  Drone  
  67  4:50  Extractor, Overlord  
  67  4:51  Drone  
  67  4:52  Drone, Extractor  
  68  4:54  Drone  
  68  4:56  Drone x2  
  68  4:58  Overlord  
  71  5:01  Drone x2  
  71  5:02  Drone  
  71  5:06  Queen  
  75  5:10  Evolution Chamber  
  75  5:13  Drone x3  
  77  5:18  Drone x4  
  77  5:21  Drone, Extractor  
  81  5:24  Extractor  
  81  5:25  Extractor  
  81  5:26  Drone x4  
  81  5:27  Overlord  
  83  5:31  Baneling Nest, Zergling x2  
  83  5:34  Drone  
  83  5:35  Drone  
  85  5:37  Zerg Missile Weapons Level 1  
  85  5:38  Drone x2  
  87  5:43  Hatchery  
  87  5:48  Hydralisk Den  
  87  5:49  Drone x4  
  89  5:53  Drone x3  
  92  5:58  Overlord  
  92  6:02  Drone  
  92  6:03  Overseer  
  93  6:05  Overlord  
  93  6:06  Zergling x8  
  93  6:08  Overlord  
  97  6:11  Drone x3  
  97  6:13  Spore Crawler  
  97  6:16  Unknown  
  98  6:19  Hydralisk, Muscular Augments  
  98  6:23  Hydralisk x2  
  104  6:28  Hydralisk x3  
  104  6:30  Drone  
  111  6:32  Overlord  
  111  6:33  Drone  
  111  6:34  Drone  
  111  6:35  Drone  
  114  6:40  Hydralisk x2  
  114  6:43  Hydralisk x2  
  114  6:44  Zergling x2  
  123  6:49  Centrifical Hooks  
  123  6:52  Hydralisk x2  
  127  6:56  Drone x2  
  127  6:57  Drone x2  
  127  7:00  Hydralisk x2  
  135  7:02  Hydralisk  
  135  7:03  Hydralisk  
  135  7:07  Hydralisk x2  
  143  7:12  Overlord  
  142  7:16  Overlord x2  
  142  7:18  Overlord  
  142  7:19  Overlord  
  142  7:20  Overlord  
  142  7:21  Overlord  
  142  7:23  Overlord  
  142  7:25  Overlord  
  142  7:26  Hydralisk  
  144  7:30  Grooved Spines  
  144  7:31  Hydralisk  
  144  7:32  Hydralisk x2  
  144  7:34  Evolution Chamber, Baneling x7  
  149  7:38  Baneling x2  
  149  7:44  Zerg Missile Weapons Level 2  
  149  7:45  Hydralisk x4  
  149  7:46  Zergling x4  
  149  7:50  Zergling x10  
  164  7:53  Zergling x6  
  164  7:55  Zergling x2  
  164  7:56  Zergling x4  
  169  8:00  Hydralisk, Zergling x8  
  169  8:03  Zerg Melee Weapons Level 1  
  169  8:04  Zergling x4  
  169  8:05  Zergling x2  
  177  8:08  Baneling x3  
  177  8:12  Baneling x10  
  177  8:14  Hydralisk x2  
  177  8:17  Zergling x8  
  177  8:19  Zergling x4  
  180  8:25  Baneling  
  180  8:26  Baneling x13  
  180  8:29  Infestation Pit  
  180  8:31  Hydralisk x2  
  183  8:36  Hydralisk x3  
  183  8:37  Zergling x2  
  189  8:42  Hydralisk x3  
  189  8:47  Hydralisk x2, Zergling x2  
  191  8:49  Overseer  
  191  8:50  Hydralisk  
  191  8:51  Hydralisk  
  192  8:55  Hydralisk  
  192  8:56  Zergling x6, Overseer  
  193  9:02  Hydralisk  
  193  9:03  Hydralisk x2, Zergling x2  
  193  9:07  Baneling x5  
  200  9:10  Overlord  
  200  9:14  Overlord  
  185  9:17  Zergling x18  
  185  9:18  Zergling x2  
  185  9:19  Zergling x4  
  185  9:21  Zergling x2  
  190  9:24  Zergling x6  
  190  9:28  Baneling x7  
  190  9:30  Hive  
  193  9:32  Zergling x8  
  197  9:38  Zergling x6  
  197  9:44  Baneling x18  
  200  9:48  Baneling x4  
  200  9:49  Baneling  
  200  9:50  Baneling  
  196  10:07  Zergling x6  
  196  10:09  Overseer  
  196  10:14  Zergling x22  
  200  10:16  Hydralisk x3  
  200  10:20  Zergling x4  
  186  10:24  Zergling x2  
  185  10:29  Hatchery  
  185  10:30  Spire  
  185  10:31  Zergling x8, Spire  
  185  10:33  Baneling x5  
  186  10:36  Drone  
  186  10:37  Drone x3  
  186  10:39  Zergling x4  
  186  10:42  Baneling x12  
  192  10:44  Zergling x2  
  192  10:46  Baneling x3  
  192  10:47  Zergling x4  
  195  10:50  Drone x2  
  196  10:57  Zergling x2  
  196  10:58  Zergling x2  
  196  11:01  Zergling x2  
  196  11:02  Zergling x16  
  199  11:08  Zergling x6  
  199  11:11  Hydralisk x3  
  193  11:16  Hydralisk x2  
  188  11:18  Hydralisk x4  
  188  11:23  Hydralisk x2  
  187  11:28  Hydralisk  
  187  11:29  Hydralisk x5  
  187  11:32  Hydralisk  
  192  11:37  Hydralisk x3  
  193  11:42  Hydralisk x3  
  193  11:45  Zergling x6  
  192  11:47  Zergling x2  
  192  11:48  Zergling x4  
  195  11:57  Baneling x6  

Tags
 
Add a new tag
Caveats
  • Supply blocks, unpowered buildings, or Contaminate may cause inaccurate times.
  • Supply counts are checked every 10 seconds.